 Dungeon Crawl Stone Soup version 0.29.1-1-gd02db6906a (webtiles) character file.

Game seed: 10850736542748386883

620 GigaChad the Fighter (level 7, 0/71 HPs)
             Began as a Minotaur Fighter on Sept 29, 2022.
             Was an Initiate of Gozag.
             Slain by a gnoll
             ... wielding a +0 spear
              (2 damage)
             ... on level 5 of the Dungeon.
             The game lasted 00:13:45 (5317 turns).

GigaChad the Fighter (Minotaur Fighter)             Turns: 5317, Time: 00:13:45

Health: 0/71       AC: 10    Str: 22    XL:     7   Next: 22%
Magic:  6/6        EV:  6    Int:  7    God:    Gozag
Gold:   73         SH: 13    Dex: 10    Spells: 6/6 levels left

rFire   + . .      SeeInvis .   z - +0 long sword of Mueviteo {vorpal, *Noise rF+ rN+ Int+2}
rCold   . . .      Faith    .   o - +0 kite shield
rNeg    + . .      Spirit   .   e - +0 chain mail
rPois   .          Reflect  +   (helmet restricted)
rElec   .          Harm     .   l - +0 cloak
rCorr   .          Rampage  .   (no gloves)
Will    +....                   (no boots)
Stlth   ..........              w - amulet of reflection
HPRegen 0.21/turn               s - ring of willpower
MPRegen 0.10/turn               (no ring)

@: gold aura
A: horns 2, retaliatory headbutt
a: Renounce Religion, Potion Petition, Call Merchant, Bribe Branch


You were on level 5 of the Dungeon.
You worshipped Gozag.
Gozag was noncommittal.
You visited 2 branches of the dungeon, and saw 6 of its levels.

You collected 543 gold pieces.
You spent 412 gold pieces at shops.
You paid 58 gold pieces to Gozag.

Inventory:

Hand Weapons
 a - a +2 long sword of freezing
 p - a +2 whip of freezing
 z - the +0 long sword of Mueviteo (weapon) {vorpal, *Noise rF+ rN+ Int+2}
   (You bought it in a shop on level 1 of the Dungeon)

   It inflicts extra damage upon your enemies.
   Int:       It affects your intelligence (+2).
   rF:        It protects you from fire.
   rN:        It protects you from negative energy.
   *Noise:    It may make noises in combat.
Armour
 b - a +0 scale mail
 c - a +0 buckler
 e - a +0 chain mail (worn)
 l - a +0 cloak (worn)
 n - a +0 pair of gloves
 o - a +0 kite shield (worn)
Jewellery
 r - a ring of magical power
 s - a ring of willpower (left hand)
 w - an amulet of reflection (around neck)
Scrolls
 f - 5 scrolls of identify {unknown}
 j - a scroll of butterflies {unknown}
 k - 2 scrolls of immolation {unknown}
 t - a scroll of teleportation {unknown}
 u - a scroll of summoning {unknown}
 v - a scroll of acquirement {unknown}
 y - 4 scrolls of magic mapping {unknown}
Potions
 d - 4 potions of might
 g - a potion of berserk rage {unknown}
 h - 2 potions of heal wounds {unknown}
 i - 4 potions of degeneration {unknown}
 m - 4 potions of curing {unknown}
 q - 3 potions of flight {unknown}
 x - a potion of attraction {unknown}


   Skills:
 + Level 9.6 Fighting
 - Level 2.7 Long Blades
 - Level 4.1 Armour
 - Level 4.0 Shields


You had 6 spell levels left.
You didn't know any spells.
Your spell library contained the following spells:

 Spells                   Type           Power      Damage    Failure   Level
 Dazzling Flash           Conj/Hex       0%         N/A       100%        3
 Mephitic Cloud           Conj/Pois/Air  0%         N/A       100%        3
 Spider Form              Tmut/Pois      0%         N/A       100%        3
 Agony                    Necr           0%         N/A       100%        5
 Silence                  Hex/Air        0%         N/A       100%        5
 Eringya's Noxious Bog    Tmut/Pois      0%         N/A       100%        6


Dungeon Overview and Level Annotations

Branches:
Dungeon (5/15)             Temple (1/1) D:4

Altars:
Ashenzari
Cheibriados
Dithmenos
Fedhas
Gozag
Kikubaaqudgha
Makhleb
Okawaru
Qazlal
Sif Muna
Trog
Vehumet
Xom
Yredelemnul
Zin
The Shining One

Shops:
D:1 ?([*(   D:4 :


Innate Abilities, Weirdness & Mutations

You have a pair of horns on your head.
You reflexively headbutt those who attack you in melee.


Message History

The orc barely misses you.
The gnoll hits you from afar with a +0 spear.
* * * LOW HITPOINT WARNING * * *
The gnoll barely misses you. You furiously retaliate!
You headbutt the gnoll, but do no damage.
The ogre moves out of view.
You block the gnoll's attack.
You hit the gnoll.
You kill the gnoll!
The orc is no longer distracted by gold.
You hit the ogre.
The ogre is lightly wounded.
You block the ogre's attack. You block the gnoll's attack.
The gnoll hits you but does no damage. Something hits you.
* * * LOW HITPOINT WARNING * * *
You hit the ogre but do no damage. You headbutt the ogre!
The ogre is heavily wounded.
You block the ogre's attack.
The gnoll is distracted by your dazzling golden aura.
You block something's attack.
The gnoll hits you from afar with a +0 spear.
* * * LOW HITPOINT WARNING * * *
The gnoll shouts!
You hit something.
You hear a shout!
You block the ogre's attack. Something hits you.
* * * LOW HITPOINT WARNING * * *
You block the gnoll's attack.
You miss something.
The gnoll hits you from afar with a +0 spear.
* * * LOW HITPOINT WARNING * * *
Something hits you but does no damage. You block the ogre's attack.
You block the gnoll's attack. Something hits you.
* * * LOW HITPOINT WARNING * * *
You miss something. Your headbutt misses something.
The ogre completely misses you. You furiously retaliate!
You headbutt the ogre. Something hits you but does no damage.
The gnoll hits you from afar with a +0 spear.
You die...
Your body crumbles into a pile of gold.

.. .## .... ..#
#########.#
#.........### .
#.........gO# .O.
#.......g##O#
....#.......go$@#
...$........o####
.......<.....o#
..............#
...........o..#
..............#
..............#
....#....g....#
....#(........#


You could see 2 ogres, 3 gnolls and 2 orcs.

Vanquished Creatures
  Grinder (D:3)
  An ogre (D:4)
  2 kobold brigands (D:3)
  3 hounds
  3 gnolls
  3 adders
  A dart slug (D:4)
  2 orcs (D:4)
  6 endoplasms
  2 giant cockroaches
  4 goblins
  8 hobgoblins
  2 quokkas (D:4)
  4 ball pythons
  6 bats
  2 frilled lizards
  16 kobolds
  2 rats
68 creatures vanquished.

Notes
Turn   | Place    | Note
-------+----------+-------------------------------------------
     0 | D:1      | GigaChad the Minotaur Fighter began the quest for the Orb.
     0 | D:1      | Reached XP level 1. HP: 19/19 MP: 0/0
   143 | D:1      | Reached XP level 2. HP: 21/27 MP: 1/1
   159 | D:1      | Reached skill level 4 in Fighting
   202 | D:1      | Found Taifuema's General Store.
   209 | D:1      | Found Cacumix's Armour Shop.
   434 | D:1      | Found Livecuek's Weapon Shoppe.
   571 | D:1      | Found Liwuod's Weapon Shoppe.
   700 | D:1      | Found Ygron's Magic Scroll Boutique.
  1076 | D:2      | Identified the +0 robe of Fashionability {rC+ Will+ Str-4}
  1177 | D:2      | Reached XP level 3. HP: 33/33 MP: 2/2
  1575 | D:3      | Found a blossoming altar of Fedhas.
  1584 | D:3      | Found an opulent altar of Gozag.
  1590 | D:3      | Became a worshipper of Gozag Ym Sagoz the Greedy
  1612 | D:3      | Noticed Grinder
  1626 | D:3      | Killed Grinder
  1627 | D:3      | Reached skill level 7 in Fighting
  1627 | D:3      | Reached XP level 4. HP: 15/47 MP: 3/3
  1627 | D:3      | Reached XP level 5. HP: 16/52 MP: 4/4
  2012 | D:3      | Found a faded altar of an unknown god.
  2171 | D:3      | Reached XP level 6. HP: 60/60 MP: 5/5
  2198 | D:3      | Found a radiant altar of Vehumet.
  2208 | D:3      | Found an iron altar of Okawaru.
  2392 | D:3      | Reached skill level 8 in Fighting
  3144 | D:4      | Found Haidosig's Tremendous Tomes.
  3149 | D:4      | Got the Writings on Blight
  3670 | D:4      | Found a staircase to the Ecumenical Temple.
  3680 | Temple   | Entered the Ecumenical Temple
  3991 | D:4      | Reached skill level 9 in Fighting
  3991 | D:4      | Reached XP level 7. HP: 35/70 MP: 6/6
  4601 | D:5      | Entered Level 5 of the Dungeon
  4932 | D:1      | Bought the +0 long sword of Mueviteo {vorpal, *Noise rF+
                  | rN+ Int+2} for 337 gold pieces
  4982 | D:1      | Bought a scroll of enchant weapon for 75 gold pieces
  5039 | D:2      | You fall into a shaft and drop 1 floor!
  5316 | D:5      | HP: 2/71 [gnoll/+0 spear (2)]
  5317 | D:5      | Slain by a gnoll

Illustrated notes

Levels and vault maps discovered:
D:1:      dpeg_arrival_arbitrary_a, layout_loops_ring, serial_shops,
          nicolae_shop_bloodbath_and_beyond, shop, nicolae_shop_hallway_stairs,
          shop_statue, shop_fountains, kennysheep_crisscross
D:2:      layout_basic
D:3:      cheibrodos_thug_alley, layout_loops_ring, mainiacjoe_overflow_swirl,
          minitemple, shapermc_ecumenical_altar_acropolis, uniq_grinder
D:4:      layout_layer_cave, temple_statues, nicolae_shop_i_like_big_books,
          minivault_4
D:5:      layout_basic, uniq_menkaure, uniq_prince_ribbit1
Temple:   nicolae_temple_x_marks_the_god

Skill      XL: |  1  2  3  4  5  6 |
---------------+-------------------+-----
Armour         | 4 |  4.1
Fighting       | 4 7 9 |  9.6
Shields        | 4 |  4.0
Long Blades    | |  2.7

Action                   |  1- 3 |  4- 6 |  7- 9 || total
-------------------------+-------+-------+-------++-------
Melee: Long sword        |    59 |    86 |    22 ||   167
       Headbutt          |     5 |    13 |     2 ||    20
  Use: Scroll            |     2 |     3 |     2 ||     7
 Stab: Distracted        |       |     1 |       ||     1
Armor: Chain mail        |    49 |    58 |    16 ||   123
Dodge: Dodged            |    24 |    30 |    21 ||    75
Block: Buckler           |    10 |       |       ||    10
       Kite shield       |    20 |    46 |    45 ||   111
